 Dungeon Crawl Stone Soup version 0.32-a0-931-g5a2cda0630 (webtiles) character file.

Game seed: 1755924256228315233

1324149 Ge0ff the Heretic (level 27, 226/269 HPs)
             Began as an Oni Wanderer on Apr 11, 2024.
             Escaped with the Orb
             ... and 3 runes on Apr 13, 2024!
             The game lasted 04:14:35 (124945 turns).

Ge0ff the Heretic (Oni Wanderer)                  Turns: 124945, Time: 04:14:36

Health: 226/269    AC: 17    Str: 21    XL:     27
Magic:  36/53      EV: 12    Int: 35    God:
Gold:   14504      SH:  0    Dex: 14    Spells: 20/60 levels left

rFire   + + .        b - staff of fire
rCold   + . .        (no shield)
rNeg    + . .        i - quicksilver dragon scales
rPois   +            Q - -2 hat of the Alchemist {rElec rPois rF+ rC+ rN+ Will+ rMut rCorr}
rElec   +            A - +2 cloak
rCorr   +            (gloves unavailable)
SInv    .            (boots unavailable)
Will    +++++        Z - amulet of Puhiufeh {^Fragile rElec Will+ Regen+ Slay+2}
Stlth   +            r - +6 ring of intelligence
HPRegen 1.44/turn    c - ring of Icly {^Contam rPois rCorr MP+9 Int+5, =R}
MPRegen 0.33/turn

%: resist mutation
@: glowing, studying 2 skills
A: large, unfitting armour, horns 2, tough skin 1, double potion healing,
drunken brawling, agile 1, clever 1, passive freeze, poison resistance
0: Orb of Zot
}: 3/15 runes: decaying, serpentine, silver
a: no special abilities


You escaped.
You visited 11 branches of the dungeon, and saw 51 of its levels.
You visited 1 bazaar.
You also visited: Ice Cave.

You collected 29829 gold pieces.
You spent 6380 gold pieces at shops.
You paid 8945 gold pieces to Gozag.

Inventory:

Hand Weapons
 a - the +6 Majin-Bo {spellvamp, MP+6 Int+6}
   (You found it on level 1 of the Depths)

   Int+6:     It affects your intelligence (+6).
   MP+6:      It affects your magic capacity (+6).
Missiles
 g - 2 throwing nets {=F}
 h - 4 silver javelins
 k - 16 boomerangs
 v - 6 curare-tipped darts {=F}
 G - 13 javelins
Armour
 i - quicksilver dragon scales (worn)
 A - a +2 cloak (worn)
 L - a +0 kite shield
 Q - the -2 hat of the Alchemist (worn) {rElec rPois rF+ rC+ rN+ Will+ rMut rCorr}
   (You acquired it on level 4 of the Dungeon)

   rF+:       It protects you from fire.
   rC+:       It protects you from cold.
   rElec:     It insulates you from electricity.
   rPois:     It protects you from poison.
   rN+:       It protects you from negative energy.
   Will+:     It increases your willpower.
   rCorr:     It protects you from acid and corrosion.
   rMut:      It protects you from mutation.
Magical Staves
 b - a staff of fire (weapon)
 f - a staff of cold
 n - a staff of conjuration
Jewellery
 c - the ring of Icly (right hand) {^Contam rPois rCorr MP+9 Int+5, =R}
   (You bought it in a shop on level 2 of the Orcish Mines)

   [ring of resist corrosion]

   Int+5:     It affects your intelligence (+5).
   rPois:     It protects you from poison.
   MP+9:      It affects your magic capacity (+9).
   ^Contam:   It causes magical contamination when unequipped.
   rCorr:     It protects you from acid and corrosion.
 p - a ring of see invisible
 r - a +6 ring of intelligence (left hand)
 D - the ring of Xom's Sleight of Hands {Fly rN++ Will+ Dex+3}
   (You took it off a deep elf death mage on level 3 of the Elven Halls)

   [ring of flight]

   Dex+3:     It affects your dexterity (+3).
   rN++:      It greatly protects you from negative energy.
   Will+:     It increases your willpower.
   Fly:       It grants you flight.
 P - a ring of wizardry
 Z - the amulet of Puhiufeh (around neck) {^Fragile rElec Will+ Regen+ Slay+2}
   (You acquired it on level 4 of the Dungeon)

   [amulet of regeneration]

   Slay+2:    It affects your accuracy & damage with ranged weapons and melee
   (+2).
   rElec:     It insulates you from electricity.
   Will+:     It increases your willpower.
   Regen+:    It increases your rate of health regeneration.
   ^Fragile:  It will be destroyed if unequipped.
Talismans
 x - a granite talisman
Wands
 d - a wand of digging (19)
 e - a wand of charming (52)
 j - a wand of acid (15)
 s - a wand of mindburst (61)
 Y - a wand of warping (17)
Scrolls
 y - 8 scrolls of immolation
 B - 4 scrolls of blinking
 C - 8 scrolls of poison
 E - 2 scrolls of fear
 F - 15 scrolls of fog
 J - 2 scrolls of silence {!r}
 S - 2 scrolls of summoning
 T - 15 scrolls of teleportation
 V - 7 scrolls of vulnerability
Potions
 o - 2 potions of ambrosia
 q - 7 potions of curing
 u - 12 potions of mutation {!q}
 z - 4 potions of brilliance
 H - 5 potions of haste {!q}
 I - 5 potions of invisibility
 K - 4 potions of magic {!q}
 M - 7 potions of might
 N - 4 potions of cancellation {!q}
 R - 2 potions of resistance
 W - 16 potions of heal wounds {!q}
 X - 7 potions of enlightenment
Miscellaneous
 l - a lightning rod (3/4)
 t - a tin of tremorstones (1/2)
 w - a Gell's gravitambourine (2/2)
 O - a sack of spiders
 U - a phantom mirror


   Skills:
 - Level 15.0 Fighting
 - Level 14.0 Polearms
 - Level 2.0 Throwing
 - Level 15.0 Armour
 + Level 11.1 Dodging
 + Level 4.9 Stealth
 + Level 17.2 Spellcasting
 - Level 15.0 Conjurations
 + Level 8.6 Necromancy
 - Level 7.0 Translocations
 - Level 15.0 Fire Magic
 - Level 10.0 Ice Magic
 - Level 15.0 Air Magic
 - Level 10.0 Earth Magic
 - Level 10.0 Alchemy
 - Level 21.1 Invocations
 - Level 11.0 Evocations


You had 20 spell levels left.
You knew the following spells:

 Your Spells              Type           Power      Damage    Failure   Level
a - Sublimation of Blood  Necr           74%        N/A       1%          2
d - Iskenderun's Mystic   Conj/Tloc      82%        2d16      (+2d91%     4
e - Irradiate             Conj/Alch      43%        3d26      1%          5
h - Lee's Rapid Deconstr  Erth           39%        3d19*     1%          5
j - Orb of Destruction    Conj           47%        9d12      3%          7
n - Plasma Beam           Fire/Air       58%        2x1d73    1%          6
s - Ozocubu's Armour      Ice            79%        N/A       1%          3
C - Vampiric Draining     Necr           74%        2d11      1%          3
E - Arcjolt               Conj/Air       47%        1d57      1%          5

Your spell library contained the following spells:

 Spells                   Type           Power      Damage    Failure   Level
 Foxfire                  Conj/Fire      100%       2x1d9     0%          1
 Kiss of Death            Conj/Necr      100%       2d13      0%          1
 Magic Dart               Conj           100%       1d8       0%          1
 Sting                    Conj/Alch      100%       1d9       0%          1
 Mercury Vapours          Alch/Air       100%       N/A       0%          2
 Scorch                   Fire           100%       2d9       0%          2
 Searing Ray              Conj           100%       2d8       0%          2
 Freeze                   Ice            100%       1d10      1%          1
 Necrotise                Necr           100%       1d9       1%          1
 Cigotuvi's Dreadful Rot  Necr/Alch/Air  100%       N/A       1%          2
 Frozen Ramparts          Ice            100%       1d16      1%          3
 Fugue of the Fallen      Necr           74%        N/A       1%          3
 Hailstorm                Conj/Ice       87%        3d14      1%          3
 Mephitic Cloud           Conj/Alch/Air  89%        N/A       1%          3
 Summon Ice Beast         Ice/Summ       60%        N/A       1%          3
 Animate Dead             Necr           74%        N/A       1%          4
 Brom's Barrelling Bould  Conj/Erth      87%        2d10      1%          4
 Flame Wave               Conj/Fire      100%       2d21      1%          4
 Fulminant Prism          Conj/Alch      43%        3d19      1%          4
 Ignite Poison            Fire/Alch      100%       N/A       1%          4
 Leda's Liquefaction      Alch/Erth      39%        N/A       1%          4
 Olgreb's Toxic Radiance  Alch           79%        N/A       1%          4
 Passage of Golubria      Tloc           68%        N/A       1%          4
 Petrify                  Alch/Erth      79%        N/A       1%          4
 Summon Lightning Spire   Summ/Air       70%        N/A       1%          4
 Vhi's Electric Charge    Tloc/Air       100%       N/A       1%          4
 Fireball                 Conj/Fire      58%        3d22      1%          5
 Freezing Cloud           Conj/Ice/Air   44%        6-21      1%          5
 Iskenderun's Battlesphe  Conj           94%        2d14      1%          5
 Conjure Ball Lightning   Conj/Air       47%        3x3d16    1%          6
 Starburst                Conj/Fire      58%        6d15      1%          6
 Anguish                  Hex/Necr       28%        N/A       2%          4
 Animate Armour           Summ/Erth      100%       N/A       2%          4
 Martyr's Knell           Necr/Summ      57%        N/A       2%          4
 Silence                  Hex/Air        35%        N/A       2%          5
 Tukima's Dance           Hex            30%        N/A       4%          3
 Dimensional Bullseye     Hex/Tloc       26%        N/A       4%          4
 Permafrost Eruption      Ice/Erth       39%        2x4d9     4%          6
 Sculpt Simulacrum        Ice/Alch       39%        N/A       4%          6
 Metabolic Englaciation   Hex/Ice        30%        N/A       6%          5
 Dispersal                Tloc           34%        N/A       14%         6
 Gell's Gavotte           Tloc           34%        2d(26-39) 14%         6
 Cause Fear               Hex            15%        N/A       17%         4
 Ozocubu's Refrigeration  Ice            39%        4d16      24%         7
 Lehudib's Crystal Spear  Conj/Erth      43%        10d11     54%         8
 Manifold Assault         Tloc           34%        N/A       63%         7
 Haunt                    Necr/Summ      28%        N/A       94%         7
 Summon Cactus Giant      Summ           15%        N/A       95%         6
 Infestation              Necr           37%        N/A       97%         8
 Chain Lightning          Conj/Air       47%        3d62      98%         9
 Fire Storm               Conj/Fire      58%        8d15      98%         9
 Disjunction              Tloc           34%        N/A       99%         8
 Enfeeble                 Hex            15%        N/A       100%        7
 Discord                  Hex            15%        N/A       100%        8
 Dragon's Call            Summ           15%        N/A       100%        9
 Shatter                  Erth           39%        3d31*     100%        9


Dungeon Overview and Level Annotations

Branches:
Dungeon (15/15)            Temple (1/1) D:4            Lair (5/5) D:11
  Swamp (4/4) Lair:3        Snake (4/4) Lair:2        Slime (0/5) Lair:5
    Orc (2/2) D:11            Elf (3/3) Orc:2        Vaults (5/5) D:14
  Crypt (3/3) Vaults:2       Tomb (0/3) Crypt:3      Depths (4/4) D:15
    Zot (5/5) Depths:4      IceCv (visited)

Altars:
Ashenzari
Cheibriados
Dithmenos
Elyvilon
Fedhas
Gozag
Hepliaklqana
Kikubaaqudgha
Makhleb
Nemelex Xobeh
Okawaru
Qazlal
Ru
Sif Muna
Trog
Uskayaw
Vehumet
Wu Jian
Xom
Yredelemnul
Zin
The Shining One
Beogh
Jiyva

Shops:
D:11 *   Orc:1 *   Orc:2 ([=*   Elf:1 [*[?*   Depths:1 *[?=[

Portals:
Hell: Depths:1 Depths:2 Depths:3 Depths:4
Abyss: Depths:1 Depths:3 Depths:4
Pandemonium: Depths:2 Depths:3
Ziggurat: Depths:2
Trove: Depths:3 (give 2 scrolls of acquirement)


Innate Abilities, Weirdness & Mutations

You are too large for most types of armour.
You have a pair of horns on your head.
You have tough skin. (AC +1)
You gain doubled healing and magic from potions.
Whenever you drink a healing potion, you attack all around you.
You are agile. (Dex +4, Str/Int -1)
Your mind is acute. (Int +4, Str/Dex -1)
A frigid envelope surrounds you and freezes all who hurt you.
Your system is resistant to poisons. (rPois)


Message History

There is a stone staircase leading down here.
Magic restored.
Things that are here:
a +0 club; a goblin skeleton Your magical contamination has completely faded away.
A glowing orange brain comes into view.
The glowing orange brain turns its attention towards you.
You feel a surge of power!
The bolt of lightning hits the glowing orange brain.
The glowing orange brain is lightly wounded.
The fiery plasma hits the glowing orange brain!!
The glowing orange brain is moderately wounded.
You feel a surge of power!
The bolt of lightning hits the glowing orange brain.
The glowing orange brain is heavily wounded.
The fiery plasma hits the glowing orange brain!!
The glowing orange brain is almost dead.
The glowing orange brain pulsates.
Something gnaws on your mind!
You feel your power leaking away.
You feel a surge of power!
The bolt of lightning hits the glowing orange brain!!!
You kill the glowing orange brain!
You now have 14504 gold pieces (gained 8).
You start resting.
A seraph and 2 cherubim come into view.
The seraph is wielding a +7 great sword of flaming.
A cherub is wielding a +2 long sword of flaming.
A cherub is wielding a +2 flail of flaming.
The cherub's ox head lows!
The cherub's lion head roars!
The seraph gestures.
The seraph channels a blast of cleansing flame!
The golden flame engulfs the seraph.
The seraph completely resists.
The golden flame engulfs you.
The cherub unwields a +2 long sword of flaming.
It stops flaming.
The cherub wields a +0 longbow.
The cherub shoots an arrow.
The arrow hits you!
The cherub unwields a +2 flail of flaming.
It stops flaming.
The cherub wields a +0 shortbow.
The cherub shoots an arrow.
The arrow hits you!!
You hear a shout! x3
There is a staircase leading out of the dungeon, spattered with blood here.
Use which ability? (? or * to list)
You have lost your religion!
Gozag does not appreciate desertion!
The seraph shouts a warning to its allies!
You hear a shout!
The cherub shoots an arrow.
The arrow hits you.
The cherub sings a powerful hymn!
The angels go into a battle-frenzy!
The seraph shouts a warning to its allies!
You have escaped!

#..#.....#######.# #..######
#.#########...##.# #..#
#...#..........#.# #..######
##..##.##........########........
##...############...............#
##........X.....##########.####..
##.....≈≈≈≈≈.....# #.# ###
##....≈≈≈≈≈≈A...A# #.#
......≈§(>(≈≈...@# #.#
##...§≈≈≈§§≈≈A...# #.#
#....§≈≈≈§§.....# #.######
#.....§§§§.....## #.......
##...############ #######.
....##.......# #.
....##...###.########## #.
.#####................### #. .#
#.##..###..[.........########.


You could see a seraph (strong, catching breath), an Orb Guardian and 2
cherubim.

Vanquished Creatures
  4 dread liches
  5 ancient liches
  7 orbs of fire
  Mennas (Crypt:3)
  Xtahua (Vaults:3)
  Vv (Depths:2)
  Boris (Depths:4)
  the Lernaean hydra (Swamp:4)
  Vashnia (Snake:4)
  3 shard shrikes (Depths:2)
  6 Killer Klowns (Zot:5)
  Bai Suzhen (Vaults:4)
  11 caustic shrikes (Depths:2)
  7 golden dragons
  Norris (Vaults:1)
  the Enchantress (Depths:1)
  Jory (Crypt:2)
  Nikola (Elf:2)
  2 bone dragons (Depths:4)
  2 electric golems (Zot:5)
  Mlioglotl (Swamp:1)
  9 tentacled monstrosities
  A walking crystal tome (Depths:2)
  25 Orb Guardians (Zot:5)
  6 liches
  4 deep elf blademasters
  9 quicksilver dragons
  2 deep elf master archers (Elf:3)
  5 titans
  A walking frostbound tome (Depths:2)
  6 sphinxes
  An ancient champion (Crypt:2)
  8 shadow dragons
  14 tengu reavers
  8 death cobs
  2 thorn hunters (Swamp:4)
  5 fenstrider witches (Swamp:3)
  3 revenants
  3 protean progenitors
  Aizul (Elf:2)
  9 storm dragons
  4 nagarajas
  Roxanne (D:14)
  3 draconian monks
  9 deep elf sorcerers
  4 draconian shifters
  23 vault wardens
  A draconian knight (Zot:3)
  4 fire giants
  A balrug (Depths:1)
  7 frost giants
  2 draconian scorchers (Zot:1)
  A ghost moth (Zot:4)
  An iron dragon (Vaults:5)
  3 orc warlords
  4 deep elf elementalists
  2 curse skulls
  7 ghouls
  A caustic shrike skeleton (Crypt:3)
  3 spriggan defenders (Depths:1)
  5 draconian annihilators
  A draconian stormcaller (Depths:4)
  19 ironbound thunderhulks
  17 ironbound preservers
  9 stone giants
  23 very ugly things
  3 formless jellyfish (Vaults:2)
  6 vampire knights
  3 eleionomae
  9 deep elf death magi
  A demonspawn black sun (D:2)
  4 deep elf demonologists
  7 war gargoyles
  2 dire elephants (Swamp:1)
  11 green draconians
  5 purple draconians
  4 black draconians
  4 bunyips
  18 spark wasps
  6 yellow draconians
  3 white draconians
  10 deep elf annihilators
  2 lorocyprocas
  9 red draconians
  7 eidola
  A mummy priest (Crypt:3)
  10 ettins
  2 blizzard demons
  15 jiangshi
  A quicksilver dragon zombie (Crypt:3)
  3 crystal guardians
  7 deep elf high priests
  2 spriggan zombies (Crypt:3)
  6 fire dragons
  Josephine (D:14)
  14 yaktaur captains
  An ice dragon (Depths:3)
  6 salamander tyrants
  45 vault guards
  A hell beast (D:5)
  2 entropy weavers (Vaults:4)
  5 great orbs of eyes
  3 rakshasas
  5 ghost crabs
  4 ogre magi
  24 hydras
  4 peacekeepers
  3 death knights
  5 spriggan air magi
  A fenstrider witch skeleton (Crypt:2)
  6 alligators
  15 centaur warriors
  7 anacondas
  7 ironbound frosthearts
  2 boulder beetles
  7 death yaks
  4 tengu warriors
  6 deep troll shamans
  12 vampire magi
  11 two-headed ogres
  A death scarab (Crypt:2)
  31 dancing weapons
  A torpor snail (shapeshifter) (Vaults:5)
  Urug (D:11)
  5 deep troll earth magi
  15 naga warriors
  9 naga sharpshooters
  10 shock serpents
  9 soul eaters (Crypt:2)
  A sun demon (Depths:1)
  6 spriggan berserkers
  6 occultists
  A shock serpent (shapeshifter) (Vaults:5)
  24 deep elf knights
  11 hell knights
  5 iron trolls
  A sixfirhy (Depths:3)
  A shadow wraith (Crypt:3)
  2 emperor scorpion zombies
  11 skeletal warriors
  A titan skeleton (Crypt:2)
  2 sea snakes (Snake:1)
  3 skysharks
  12 salamander mystics
  15 deep elf archers
  A cyclops (shapeshifter) (Vaults:5)
  8 glowing orange brains
  6 goliath frogs
  8 naga ritualists
  5 spriggan druids
  A sea snake (shapeshifter) (Vaults:5)
  24 deep trolls
  A bunyip zombie (Crypt:2)
  2 arcanists
  15 ironbound convokers
  8 swamp dragons (Swamp:4)
  2 spriggan simulacra
  A harpy (shapeshifter) (D:13)
  8 bog bodies
  An iron giant skeleton (Crypt:2)
  17 flayed ghosts
  10 mana vipers
  16 phantasmal warriors
  A thermic dynamo (D:11)
  6 lindwurms
  28 deep elf zephyrmancers
  21 harpies
  9 orc knights
  23 ugly things
  23 deep elf pyromancers
  18 necromancers
  A stone giant zombie (Vaults:1)
  26 salamanders
  2 obsidian bats (Orc:2)
  An anaconda skeleton (Crypt:2)
  13 cyclopes
  An oklob plant (D:11)
  A tengu skeleton (Vaults:1)
  A shining eye (shapeshifter) (Vaults:5)
  A goliath frog skeleton (Crypt:2)
  6 orc sorcerers
  A wolf spider (D:15)
  17 elephants
  A steelbarb worm (shapeshifter) (Vaults:5)
  4 manticores
  17 moths of wrath
  A stone giant skeleton (Crypt:3)
  8 will-o-the-wisps
  36 black mambas
  Maurice (Orc:2)
  2 meliai
  15 naga magi
  An ice statue (IceCv)
  5 kobold blastminers (Orc:2)
  A dire elephant zombie (Crypt:3)
  24 vault sentinels
  2 black mambas (shapeshifter)
  A smoke demon (Depths:1)
  A torpor snail (Lair:1)
  4 guardian serpents
  A storm dragon simulacrum (Depths:1)
  11 cane toads
  6 gargoyles
  An unseen horror (D:11)
  2 rime drakes
  3 freezing wraiths
  An efreet (D:11)
  10 komodo dragons
  3 kobold demonologists
  A centaur skeleton (Crypt:3)
  51 yaktaurs
  A redback zombie (Crypt:2)
  9 tengu conjurers (Depths:2)
  2 ice devils (Lair:3)
  A komodo dragon (shapeshifter) (Vaults:5)
  A guardian mummy (Depths:3)
  An anaconda simulacrum (Crypt:2)
  A red devil (Zot:5)
  A pale draconian skeleton (Crypt:2)
  13 tyrant leeches
  4 wind drakes (Depths:2)
  19 polar bears
  5 trolls
  A hellwing (D:9)
  10 hornets
  16 blink frogs
  A hydra skeleton (Crypt:3)
  3 glass eyes (Zot:1)
  A harpy skeleton (Crypt:2)
  2 dream sheep (Lair:5)
  4 fire dragon skeletons
  17 spriggans
  A merfolk skeleton (Crypt:3)
  6 water elementals
  27 slime creatures
  5 spriggan skeletons
  2 air elementals
  5 vampires
  17 wraiths
  A spriggan (shapeshifter) (D:15)
  Sigmund (D:2)
  An elf simulacrum (Vaults:1)
  5 wyverns
  An ettin skeleton (Crypt:2)
  83 yaks
  22 shadows
  Eustachio (D:5)
  A culicivora (Vaults:4)
  A human (shapeshifter) (D:15)
  A fire elemental (Elf:3)
  6 basilisks
  5 humans
  6 wargs (Orc:2)
  2 steam dragons
  A steam dragon (shapeshifter) (D:11)
  9 vampire mosquitoes
  9 redbacks
  A redback (shapeshifter) (Elf:3)
  12 swamp worms
  Menkaure (D:5)
  A human simulacrum (Vaults:4)
  2 acid dragons
  47 nagas
  A cane toad zombie (Crypt:1)
  9 water moccasins
  A hell hound (Swamp:1)
  A demonspawn skeleton (Crypt:1)
  28 orc warriors
  A water nymph skeleton (Crypt:1)
  2 glowing shapeshifter skeletons
  3 ice beasts
  5 swamp drakes
  3 ettin simulacra
  3 sky beasts
  6 black bears
  17 laughing skulls
  A swamp dragon zombie (Crypt:2)
  10 boggarts
  51 wolves
  3 centaurs
  11 ogres
  A dream sheep skeleton (Crypt:1)
  Blork the orc (D:5)
  11 bullfrogs
  A salamander skeleton (Crypt:2)
  An earth elemental (Elf:2)
  3 scorpions
  14 wights
  A howler monkey (D:11)
  3 electric eels (Snake:1)
  A centaur zombie (D:7)
  27 orc priests
  A bombardier beetle (D:6)
  4 gnoll boudas
  A hound (D:7)
  3 jellies
  3 sleepcaps
  Jessica (D:2)
  3 iguanas
  31 orc wizards
  13 hell rats
  A deep dwarf zombie (Crypt:2)
  A mummy (D:6)
  A howler monkey zombie (D:7)
  13 gnolls
  3 adders (D:4)
  7 white imps
  4 ufetubi (D:15)
  A lava snake zombie (Crypt:1)
  3 dart slugs
  A ribbon worm (D:2)
  75 orcs
  5 ball pythons
  3 endoplasms
  3 giant cockroaches
  8 goblins
  4 hobgoblins
  A quokka (D:4)
  A ball python zombie (Crypt:2)
  2 bats
  3 frilled lizards
  2 hobgoblin zombies (D:6)
  4 kobolds
  2 orc zombies (D:6)
  3 rats (D:1)
  3 aspiring fleshes (Zot:5)
  A butterfly (Lair:5)
2261 creatures vanquished.

Vanquished Creatures (collateral kills)
  An orb of fire (Zot:5)
  A lich (Depths:2)
  A fire giant (D:11)
  A protean progenitor (Zot:1)
  A draconian scorcher (Zot:3)
  A purple draconian (Zot:1)
  An occultist (D:11)
  A deep elf pyromancer (D:13)
  A moth of wrath (Zot:3)
  A guardian serpent (Snake:2)
  A gargoyle (D:13)
  A polar bear (IceCv)
  An orc (Orc:2)
13 creatures vanquished.

Vanquished Creatures (others)
  A death cob (Zot:3)
  A death yak (Zot:1)
  A deep elf archer (Elf:3)
  2 spriggans
  A human (D:14)
  13 foxfires
19 creatures vanquished.

Grand Total: 2293 creatures vanquished

Notes
Turn   | Place    | Note
-------+----------+-------------------------------------------
     0 | D:1      | Ge0ff the Oni Wanderer began the quest for the Orb.
     0 | D:1      | Ge0ff set off with the following items: a +2 spear, a +0
                  | cloak, a +0 robe, a scroll of fear; and the following spell
                  | memorised: Kiss of Death; and the following spells
                  | available to memorise: Vampiric Draining.
     0 | D:1      | Reached XP level 1. HP: 24/24 MP: 2/2
   121 | D:1      | Reached skill level 1 in Stealth
   147 | D:1      | Reached XP level 2. HP: 32/32 MP: 3/3
  1037 | D:2      | Noticed Sigmund
  1180 | D:2      | Reached XP level 3. HP: 39/39 MP: 4/4
  1184 | D:2      | Learned a level 3 spell: Vampiric Draining
  1271 | D:2      | Noticed Jessica
  1283 | D:2      | Killed Jessica
  1785 | D:2      | Reached XP level 4. HP: 36/47 MP: 6/6
  2059 | D:3      | Found an opulent altar of Gozag.
  2070 | D:3      | Became a worshipper of Gozag Ym Sagoz the Greedy
  2138 | D:3      | You fall into a shaft and drop 2 floors!
  2138 | D:5      | Entered Level 5 of the Dungeon
  2206 | D:5      | Found a bloodstained altar of Trog.
  2257 | D:5      | Noticed an ogre
  2310 | D:5      | Reached XP level 5. HP: 31/54 MP: 4/8
  2409 | D:5      | Found a hazy altar of Hepliaklqana.
  2409 | D:5      | Found a broken altar of Ashenzari.
  2620 | D:4      | Found a staircase to the Ecumenical Temple.
  2643 | Temple   | Entered the Ecumenical Temple
  2646 | D:4      | Identified 2 scrolls of acquirement
  2646 | D:4      | Acquired the amulet of Puhiufeh {^Fragile rElec Will+
                  | Regen+ Slay+2}
  2682 | D:4      | Acquired the -2 hat of the Alchemist {rElec rPois rF+ rC+
                  | rN+ Will+ rMut rCorr}
  2682 | D:4      | Found the -2 hat of the Alchemist {rElec rPois rF+ rC+ rN+
                  | Will+ rMut rCorr}
  3341 | D:4      | Reached XP level 6. HP: 59/62 MP: 10/10
  3625 | D:4      | Noticed a black bear
  3815 | D:5      | Noticed Menkaure
  3815 | D:5      | Noticed Blork the orc
  3832 | D:5      | Killed Menkaure
  3833 | D:5      | Reached skill level 5 in Polearms
  3833 | D:5      | Reached XP level 7. HP: 66/70 MP: 11/13
  3842 | D:5      | Killed Blork the orc
  3926 | D:5      | Noticed Eustachio
  4286 | D:2      | Killed Sigmund
  4287 | D:2      | Reached skill level 1 in Evocations
  4448 | D:4      | Reached skill level 5 in Fighting
  4448 | D:4      | Reached XP level 8. HP: 12/80 MP: 14/14
  4646 | D:5      | Reached skill level 5 in Necromancy
  6694 | D:6      | Reached XP level 9. HP: 88/88 MP: 15/15
  6880 | D:7      | Noticed a kobold demonologist
  6887 | D:7      | Noticed an ice devil
  6911 | D:6      | Noticed a red devil
  6916 | D:6      | Noticed an orange demon
  6916 | D:6      | Killed a kobold demonologist
  7081 | D:7      | Noticed a manticore
  7098 | D:7      | Killed a manticore
  7296 | D:7      | Found a stormy altar of Qazlal.
  7489 | D:7      | Found a basalt altar of Yredelemnul.
  7767 | D:8      | Noticed a hornet
  7774 | D:8      | Killed a hornet
  7775 | D:8      | Reached XP level 10. HP: 69/102 MP: 6/16
  7967 | D:8      | Found a shadowy altar of Dithmenos.
  8129 | D:8      | Found an iron altar of Okawaru.
  8489 | D:8      | Found a sacrificial altar of Ru.
  8822 | D:8      | Found a blossoming altar of Fedhas.
  8829 | D:8      | Found a white marble altar of Elyvilon.
  8986 | D:9      | Reached skill level 10 in Polearms
  9079 | D:9      | Learned a level 3 spell: Frozen Ramparts
  9127 | D:9      | Noticed a two-headed ogre
  9178 | D:9      | Noticed a kobold demonologist
  9185 | D:9      | Killed a kobold demonologist
  9186 | D:9      | Reached skill level 1 in Ice Magic
  9186 | D:9      | Reached skill level 5 in Evocations
  9344 | D:9      | Noticed a gargoyle
  9346 | D:9      | Killed a gargoyle
  9672 | D:9      | Paralysed by a hornet for 2 turns
 10166 | D:10     | Entered Level 10 of the Dungeon
 10244 | D:10     | Reached XP level 11. HP: 71/113 MP: 17/17
 10353 | D:9      | Killed a two-headed ogre
 10628 | D:10     | Found a hide-covered altar of Uskayaw.
 10880 | D:10     | Found a glowing silver altar of Zin.
 10881 | D:10     | Noticed an angel
 10936 | D:11     | Noticed a two-headed ogre
 10944 | D:11     | Killed a two-headed ogre
 10945 | D:11     | Reached skill level 1 in Throwing
 10965 | D:11     | Found a staircase to the Lair.
 10965 | D:11     | Noticed an oklob plant
 11293 | D:11     | Noticed Urug
 11490 | D:11     | Reached skill level 5 in Ice Magic
 11609 | D:11     | Found Witah's General Store.
 11615 | D:11     | Noticed a two-headed ogre
 11625 | D:11     | Killed a two-headed ogre
 11628 | D:11     | Noticed a cyclops
 11633 | D:11     | Noticed a thermic dynamo
 11639 | D:11     | Killed a thermic dynamo
 11646 | D:11     | Killed a cyclops
 11651 | D:11     | Reached skill level 10 in Fighting
 11801 | D:11     | Noticed a cyclops
 11826 | D:11     | Killed a cyclops
 11870 | D:11     | Noticed a centaur warrior
 11899 | D:11     | Killed a centaur warrior
 12297 | D:11     | Noticed a deep elf pyromancer
 12308 | D:11     | Noticed an entropy weaver
 12311 | D:11     | Killed a deep elf pyromancer
 12499 | D:11     | Reached XP level 12. HP: 106/128 MP: 18/18
 12516 | D:11     | HP: 5/128 [Urug/+1 glaive of venom (32)]
 12535 | D:11     | Killed Urug
 13493 | D:11     | Found a staircase to the Orcish Mines.
 13558 | D:11     | Noticed a yaktaur captain
 13581 | D:11     | Killed a yaktaur captain
 13813 | D:11     | Noticed a centaur warrior
 13822 | D:11     | Killed a centaur warrior
 14451 | D:11     | Found a staircase to the Lair.
 14524 | D:11     | Found a staircase to the Orcish Mines.
 14541 | D:11     | Found Witah's General Store.
 14902 | D:11     | Noticed a centaur warrior
 14910 | D:11     | Killed a centaur warrior
 15075 | D:11     | Noticed an occultist
 15279 | D:5      | Killed Eustachio
 15452 | Lair:1   | Entered Level 1 of the Lair of Beasts
 15523 | Lair:1   | Learned a level 3 spell: Ozocubu's Armour
 15794 | Lair:1   | Reached skill level 1 in Conjurations
 15794 | Lair:1   | Reached skill level 1 in Alchemy
 16021 | Lair:1   | Learned a level 5 spell: Irradiate
 16097 | Lair:1   | Reached XP level 13. HP: 132/140 MP: 19/19
 16542 | Lair:1   | Reached skill level 5 in Spellcasting
 17747 | Lair:2   | Found a staircase to the Snake Pit.
 18284 | Lair:3   | Reached skill level 5 in Conjurations
 18284 | Lair:3   | Reached skill level 5 in Alchemy
 18392 | Lair:3   | Found a frozen archway.
 18422 | IceCv    | Entered an ice cave
 19034 | IceCv    | Reached XP level 14. HP: 94/149 MP: 13/21
 19243 | IceCv    | Noticed a frost giant
 19256 | IceCv    | Killed a frost giant
 19911 | Lair:3   | Found a staircase to the Swamp.
 21173 | Lair:4   | Upgraded the game from 0.32-a0-921-g04a7ad8e02 to
                  | 0.32-a0-928-g1cae6b7ea0
 22178 | Lair:5   | Entered Level 5 of the Lair of Beasts
 23431 | Lair:5   | Reached XP level 15. HP: 130/156 MP: 24/25
 23487 | Lair:5   | Learned a level 2 spell: Sublimation of Blood
 23881 | D:11     | Bought a scroll of amnesia for 56 gold pieces
 23881 | D:11     | Bought a scroll of immolation for 56 gold pieces
 23888 | D:11     | Learned a level 5 spell: Arcjolt
 23895 | D:11     | Learned a level 6 spell: Plasma Beam
 23953 | D:11     | Noticed a fire giant
 24163 | Lair:5   | Reached skill level 10 in Conjurations
 24164 | Lair:5   | Reached skill level 10 in Alchemy
 24187 | Lair:5   | Paralysed by a hornet for 1 turns
 24279 | Lair:5   | Reached skill level 1 in Fire Magic
 24279 | Lair:5   | Reached skill level 1 in Air Magic
 25364 | Lair:5   | Found a viscous altar of Jiyva.
 25366 | Lair:5   | Found a staircase to the Slime Pits.
 25936 | Orc:1    | Entered Level 1 of the Orcish Mines
 26130 | D:11     | Killed a fire giant
 26196 | D:11     | Identified the +2 ring mail of Utzael {rElec Int+4 Dex+2}
 26906 | Orc:1    | Found Nipraud's Gadget Gallery.
 27159 | Orc:2    | Entered Level 2 of the Orcish Mines
 27477 | Orc:2    | Found a roughly hewn altar of Beogh.
 27480 | Orc:2    | Found Ewupnup's Assorted Antiques.
 27535 | Orc:2    | Bought a pitted robe for 205 gold pieces
 27535 | Orc:2    | Identified the +2 robe of Ysug {Str+5} (You bought it in a
                  | shop on level 2 of the Orcish Mines)
 27798 | Orc:2    | Reached skill level 1 in Armour
 27947 | Orc:2    | Found a roughly hewn altar of Beogh.
 27947 | Orc:2    | Noticed Maurice
 27950 | Orc:2    | Killed Maurice
 27963 | Orc:2    | Found Zaegedd's Jewellery Shoppe.
 28067 | Orc:2    | Bought the ring of Icly {^Contam rPois rCorr MP+9 Int+5}
                  | for 605 gold pieces
 28115 | Orc:2    | Found a staircase to the Elven Halls.
 28697 | Orc:2    | Found a roughly hewn altar of Beogh.
 28807 | Orc:2    | Noticed an orc warlord
 28819 | Orc:2    | Killed an orc warlord
 28990 | Orc:2    | Found Ziroeq's Antique Armour Emporium.
 28993 | Orc:2    | Found a roughly hewn altar of Beogh.
 28999 | Orc:2    | Found Iruniux's Antique Weapon Shoppe.
 29378 | Orc:2    | Bought a tin of tremorstones (2/2) for 1440 gold pieces
 30642 | D:12     | Reached skill level 5 in Air Magic
 30819 | D:13     | Reached skill level 5 in Fire Magic
 31225 | D:13     | Reached XP level 16. HP: 101/165 MP: 28/28
 32003 | D:14     | Noticed Josephine
 32623 | D:14     | Killed Josephine
 32797 | D:14     | Found a gate to the Vaults.
 32830 | D:14     | Noticed Roxanne
 33735 | D:14     | Found a hazy altar of Hepliaklqana.
 34363 | D:14     | Learned a level 5 spell: Lee's Rapid Deconstruction
 34470 | D:15     | Entered Level 15 of the Dungeon
 34900 | D:15     | Reached skill level 1 in Earth Magic
 35846 | D:15     | Found a broken altar of Ashenzari.
 36672 | D:15     | Found a staircase to the Depths.
 37781 | D:15     | Found a broken altar of Ashenzari.
 37922 | D:15     | Found a staircase to the Depths.
 38371 | Snake:1  | Entered Level 1 of the Snake Pit
 38977 | Snake:1  | Reached XP level 17. HP: 149/172 MP: 30/30
 39176 | Snake:1  | Reached skill level 10 in Spellcasting
 46439 | Snake:3  | Reached skill level 10 in Fire Magic
 46620 | Snake:3  | Reached skill level 10 in Air Magic
 48267 | Snake:4  | Entered Level 4 of the Snake Pit
 48274 | Snake:4  | Reached skill level 5 in Earth Magic
 49169 | Snake:4  | Reached XP level 18. HP: 182/182 MP: 29/33
 50090 | Snake:3  | Learned a level 4 spell: Iskenderun's Mystic Blast
 50883 | Snake:4  | Reached skill level 1 in Translocations
 52797 | Snake:4  | Noticed Vashnia
 54355 | Snake:4  | Killed Vashnia
 54496 | Snake:4  | Got a serpentine rune of Zot
 54834 | D:14     | Killed Roxanne
 55102 | Swamp:1  | Entered Level 1 of the Swamp
 55117 | Swamp:1  | Noticed Mlioglotl
 55241 | Swamp:1  | Killed Mlioglotl
 58682 | Swamp:2  | Identified the +5 leather armour of the Garden {+Inv rPois
                  | Will+ rCorr}
 60150 | Swamp:3  | Reached XP level 19. HP: 188/192 MP: 18/35
 61768 | Swamp:3  | Noticed a tentacled monstrosity
 61799 | Swamp:3  | Killed a tentacled monstrosity
 62598 | Swamp:4  | Entered Level 4 of the Swamp
 63402 | Swamp:4  | Noticed the 27-headed Lernaean hydra
 64659 | Swamp:4  | Killed the 27-headed Lernaean hydra
 65780 | Swamp:4  | Got a decaying rune of Zot
 66513 | Elf:1    | Entered Level 1 of the Elven Halls
 66735 | Elf:1    | Found Vumannit's Armour Emporium.
 66842 | Elf:1    | Reached skill level 5 in Dodging
 67350 | Elf:1    | Found Mailulo's Antique Armour Shoppe.
 67358 | Elf:1    | Bought a glowing cloak for 232 gold pieces
 67361 | Elf:1    | Found Jypsur's Magic Scroll Emporium.
 68044 | Elf:1    | Found a transporter.
 68044 | Elf:1    | Found Lavvugg's General Store.
 68065 | Elf:1    | Found a transporter.
 68075 | Elf:1    | Bought a potion of brilliance for 56 gold pieces
 68075 | Elf:1    | Bought a potion of brilliance for 56 gold pieces
 68075 | Elf:1    | Bought a potion of mutation for 112 gold pieces
 68075 | Elf:1    | Bought a potion of cancellation for 112 gold pieces
 68176 | Elf:1    | Found Kef Ike's Assorted Antiques.
 68184 | Elf:1    | Bought a potion of heal wounds for 125 gold pieces
 68526 | Elf:1    | Found Jypsur's Magic Scroll Emporium.
 68529 | Elf:1    | Found Mailulo's Antique Armour Shoppe.
 68575 | Elf:1    | Found Kef Ike's Assorted Antiques.
 68678 | Elf:1    | Found Vumannit's Armour Emporium.
 68856 | Elf:1    | Found a transporter.
 68862 | Elf:1    | Found Lavvugg's General Store.
 68886 | Elf:1    | Found a transporter.
 70344 | Elf:2    | Reached XP level 20. HP: 181/201 MP: 17/36
 70507 | Elf:2    | Found a runed translucent gate.
 70508 | Elf:2    | Found a runed translucent gate.
 70508 | Elf:2    | Found a runed translucent gate.
 70663 | Elf:2    | Paralysed by an air elemental for 1 turns
 70992 | Elf:2    | Identified the serpent talisman "Teymmoypp" {rC++ Str-4
                  | SInv}
 70992 | Elf:2    | Noticed Aizul
 70997 | Elf:2    | Killed Aizul
 73393 | Elf:3    | Entered Level 3 of the Elven Halls
 73714 | Elf:3    | Noticed Nikola
 73815 | Elf:2    | Killed Nikola
 74289 | Elf:3    | Paralysed by an air elemental for 1 turns
 74488 | Elf:3    | Upgraded the game from 0.32-a0-928-g1cae6b7ea0 to
                  | 0.32-a0-931-g5a2cda0630
 75556 | Elf:3    | Identified the ring of Xom's Sleight of Hands {Fly rN++
                  | Will+ Dex+3}
 76541 | Elf:3    | Identified the +1 flail "Loicsoe" {speed, Will+ Str+5
                  | Int+2}
 78177 | Elf:3    | Found the +2 hood of the Assassin {Detect Stab+ Stlth++}
 78501 | Vaults:1 | Entered Level 1 of the Vaults
 78713 | Vaults:1 | Reached XP level 21. HP: 208/208 MP: 15/38
 79217 | Vaults:1 | Noticed Norris
 79223 | Vaults:1 | Killed Norris
 79484 | Vaults:1 | Found a glowing silver altar of Zin.
 81375 | Vaults:2 | Reached skill level 5 in Armour
 83180 | Vaults:2 | Found a staircase to the Crypt.
 83624 | Vaults:2 | Reached skill level 15 in Fire Magic
 83733 | Vaults:3 | Reached skill level 15 in Air Magic
 84465 | Vaults:3 | Noticed Xtahua
 84482 | Vaults:3 | Killed Xtahua
 84483 | Vaults:3 | Reached skill level 10 in Earth Magic
 85152 | Vaults:3 | Reached skill level 15 in Spellcasting
 85825 | Vaults:3 | Reached XP level 22. HP: 217/217 MP: 6/41
 86154 | Vaults:3 | Identified the +1 robe of Defiance {-Cast rElec rCorr
                  | Int-2}
 86744 | Vaults:4 | Reached skill level 10 in Armour
 86993 | Vaults:4 | Noticed Bai Suzhen
 87005 | Vaults:4 | Killed Bai Suzhen
 89875 | Depths:1 | Entered Level 1 of the Depths
 90017 | Depths:1 | Found Megray's Jewellery Shop.
 90105 | Depths:1 | Found Agomp's Magic Scroll Shop.
 90105 | Depths:1 | Found Icy Vyig's Armour Boutique.
 90106 | Depths:1 | Identified the +1 long sword "Hydra's Foe" {freeze, *Slow
                  | Str+7 Int+2 Dex+3}
 90110 | Depths:1 | Found Icith's Assorted Antiques.
 90120 | Depths:1 | Bought a scroll of blinking for 172 gold pieces
 90120 | Depths:1 | Bought a scroll of immolation for 92 gold pieces
 90120 | Depths:1 | Bought a scroll of fog for 92 gold pieces
 90120 | Depths:1 | Bought a scroll of teleportation for 69 gold pieces
 90120 | Depths:1 | Bought a scroll of vulnerability for 92 gold pieces
 90120 | Depths:1 | Bought a scroll of silence for 218 gold pieces
 90120 | Depths:1 | Bought a scroll of revelation for 172 gold pieces
 90123 | Depths:1 | Bought a wand of mindburst (7) for 264 gold pieces
 90123 | Depths:1 | Bought a wand of acid (4) for 453 gold pieces
 90292 | Depths:1 | Found Gupnu's Armour Boutique.
 90410 | Depths:1 | Noticed the Enchantress
 90417 | Depths:1 | Killed the Enchantress
 90766 | Depths:1 | Noticed an ancient lich
 90773 | Depths:1 | Killed an ancient lich
 91109 | Depths:1 | Found a one-way gate to the infinite horrors of the Abyss.
 91159 | Depths:1 | You fall into a shaft and drop 1 floor!
 91161 | Depths:2 | Noticed a caustic shrike
 91161 | Depths:2 | Noticed a caustic shrike
 91163 | Depths:2 | Noticed a caustic shrike
 91169 | Depths:2 | Killed a caustic shrike
 91169 | Depths:2 | Killed a caustic shrike
 91173 | Depths:2 | Killed a caustic shrike
 91173 | Depths:2 | Noticed a caustic shrike
 91175 | Depths:2 | Reached XP level 23. HP: 158/224 MP: 27/42
 91181 | Depths:2 | Noticed a caustic shrike
 91183 | Depths:2 | Killed a caustic shrike
 91186 | Depths:2 | Killed a caustic shrike
 91193 | Depths:2 | Noticed a caustic shrike
 91198 | Depths:2 | Killed a caustic shrike
 91226 | Depths:2 | Noticed a caustic shrike
 91228 | Depths:2 | Noticed a caustic shrike
 91231 | Depths:2 | Killed a caustic shrike
 91232 | Depths:2 | Killed a caustic shrike
 91233 | Depths:2 | Noticed a caustic shrike
 91238 | Depths:2 | Killed a caustic shrike
 91495 | Depths:2 | Noticed a shard shrike
 91496 | Depths:2 | Killed a shard shrike
 91696 | Depths:2 | Noticed a caustic shrike
 91705 | Depths:2 | Killed a caustic shrike
 91849 | Depths:2 | Reached skill level 10 in Evocations
 92167 | Depths:2 | Noticed a shard shrike
 92170 | Depths:2 | Killed a shard shrike
 92510 | Depths:2 | Noticed a caustic shrike
 92513 | Depths:2 | Killed a caustic shrike
 92929 | Depths:2 | Reached skill level 10 in Dodging
 92945 | Depths:2 | Found a gateway to Hell.
 92960 | Depths:2 | Reached skill level 1 in Invocations
 93281 | Depths:2 | Reached skill level 2 in Invocations
 93371 | Depths:2 | Reached skill level 5 in Translocations
 93667 | Depths:2 | Noticed a shard shrike
 93673 | Depths:2 | Killed a shard shrike
 93686 | Depths:2 | Reached skill level 3 in Invocations
 93813 | Depths:2 | Noticed Vv
 93827 | Depths:2 | Killed Vv
 94119 | Depths:2 | Reached XP level 24. HP: 223/236 MP: 34/42
 94430 | Depths:2 | Reached skill level 4 in Invocations
 94500 | Depths:2 | Reached skill level 10 in Ice Magic
 94955 | Depths:2 | Found a one-way gate leading to the halls of Pandemonium.
 95009 | Depths:2 | Found a one-way gateway to a ziggurat.
 95525 | Depths:1 | Found the +6 Majin-Bo {spellvamp, MP+6 Int+6}
 95653 | Depths:1 | Found a stormy altar of Qazlal.
 95954 | Depths:1 | Identified the staff "Mikean" {Int-3 Dex+7 Earth}
 96242 | Depths:3 | Found a flickering gateway to a bazaar.
 96248 | Bazaar   | Entered a bazaar
 96250 | Bazaar   | Found Bozas's Distillery.
 96254 | Bazaar   | Bought a potion of enlightenment for 60 gold pieces
 96254 | Bazaar   | Bought a potion of mutation for 96 gold pieces
 96254 | Bazaar   | Bought a potion of brilliance for 48 gold pieces
 96254 | Bazaar   | Bought a potion of haste for 120 gold pieces
 96254 | Bazaar   | Found Qaysoirau's Antique Armour Boutique.
 96254 | Bazaar   | Found Acriqoem's Jewellery Boutique.
 96255 | Bazaar   | Found Vidghemem's Weapon Boutique.
 96265 | Bazaar   | Bought a shimmering robe for 136 gold pieces
 96265 | Bazaar   | Identified the +1 robe "Fosteari" {rPois Int+4} (You bought
                  | it in a shop in a bazaar)
 96328 | Depths:3 | Reached skill level 5 in Invocations
 96786 | Depths:3 | Identified the +4 scale mail "Istuzew" {Harm Rampage MP+9
                  | Str-2}
 97279 | Depths:3 | Reached skill level 6 in Invocations
 97578 | Depths:3 | Found a portal to a secret trove of treasure.
 98201 | Depths:4 | Entered Level 4 of the Depths
 98802 | Depths:4 | Identified the +3 robe of Defence {^Drain +Blink rElec
                  | rC++}
 98802 | Depths:4 | Noticed Boris
 98807 | Depths:4 | Killed Boris
 99372 | Depths:4 | Reached skill level 7 in Invocations
 99889 | Depths:4 | Found a gate to the Realm of Zot.
100481 | Depths:4 | Found an opulent altar of Gozag.
101073 | Crypt:1  | Entered Level 1 of the Crypt
101078 | Crypt:1  | Reached skill level 15 in Fighting
101649 | Crypt:1  | Reached skill level 8 in Invocations
101692 | Crypt:1  | Reached XP level 25. HP: 176/252 MP: 31/42
102992 | Crypt:2  | Noticed Jory
103112 | Crypt:2  | Killed Jory
103117 | Crypt:2  | Reached skill level 9 in Invocations
104698 | Crypt:3  | Entered Level 3 of the Crypt
104832 | Crypt:3  | Reached skill level 10 in Invocations
104978 | Crypt:3  | Got the Lessons on the Dead
105487 | Crypt:3  | Identified the +5 war axe "Lalledye" {drain, rPois rF+ rC+
                  | Str-3}
105492 | Crypt:3  | Identified the ring "Heymn" {rN+++ Will+ Int-4 SInv Stlth-}
105744 | Crypt:3  | Reached skill level 11 in Invocations
106008 | Crypt:3  | Found a staircase to the Tomb.
106186 | Crypt:3  | Noticed Mennas
106209 | Crypt:3  | Killed Mennas
107154 | Crypt:3  | Found an ancient bone altar of Kikubaaqudgha.
107174 | Crypt:3  | Reached skill level 12 in Invocations
107354 | Crypt:3  | Identified the +6 shortbow of Reinforcement {flame, rElec}
107956 | D:11     | Bought a phantom mirror for 560 gold pieces
108058 | Elf:1    | Bought a scroll of immolation for 52 gold pieces
108058 | Elf:1    | Bought a scroll of fear for 52 gold pieces
108058 | Elf:1    | Bought a scroll of fog for 52 gold pieces
108058 | Elf:1    | Bought a scroll of poison for 52 gold pieces
108138 | Orc:1    | Bought a wand of acid (3) for 189 gold pieces
108138 | Orc:1    | Bought a wand of charming (3) for 108 gold pieces
108245 | Elf:1    | Bought a wand of mindburst (9) for 176 gold pieces
108607 | Vaults:4 | Learned a level 7 spell: Orb of Destruction
108638 | Vaults:5 | Entered Level 5 of the Vaults
108693 | Vaults:5 | Reached skill level 13 in Invocations
108701 | Vaults:5 | Noticed a dread lich
108716 | Vaults:5 | Killed a dread lich
108721 | Vaults:5 | Reached XP level 26. HP: 173/261 MP: 31/43
108722 | Vaults:5 | Noticed an ancient lich
108733 | Vaults:5 | Killed an ancient lich
108787 | Vaults:5 | Reached skill level 15 in Armour
108787 | Vaults:5 | Reached skill level 14 in Invocations
109800 | Vaults:5 | Reached skill level 15 in Invocations
109838 | Vaults:5 | Identified the +6 orcbow of Eternal Harmony {drain, rElec
                  | rF+ Int-4 Dex+3}
109844 | Vaults:5 | Identified the amulet of Zygaz {Reflect Int+5 SH+5 Stlth+}
109999 | Vaults:5 | Identified the +5 arbalest of Disarray {drain, rF+ rN+}
110197 | Vaults:5 | Got a silver rune of Zot
110395 | Vaults:5 | Identified the +0 battleaxe of Aroot {drain, rPois}
110518 | Vaults:5 | Reached skill level 16 in Invocations
111123 | Vaults:5 | Noticed a dread lich
111129 | Vaults:5 | Killed a dread lich
111138 | Vaults:5 | Reached skill level 17 in Invocations
111293 | Vaults:5 | Identified the +2 short sword of Conflict {protect, Str+3
                  | Dex+6}
111367 | Vaults:5 | Identified the +3 dagger of Osijeill {venom, rC+ Int+2}
111522 | Vaults:5 | Identified the ring "Olir" {^Drain rCorr EV+5 Dex+2}
111588 | Vaults:5 | Identified the +3 leather armour "Holam" {Fly rC+ Str+4
                  | Dex-2}
112076 | Zot:1    | Entered Level 1 of the Realm of Zot
112885 | Zot:1    | Noticed an orb of fire
112896 | Zot:1    | Killed an orb of fire
112899 | Zot:1    | Reached skill level 18 in Invocations
114515 | Zot:2    | Reached XP level 27. HP: 269/269 MP: 43/43
115379 | Zot:3    | Reached skill level 19 in Invocations
117302 | Zot:4    | Reached skill level 20 in Invocations
117429 | Zot:4    | Identified the +1 leather armour of the Shrike {rC- rN+
                  | Dex+2 Stlth+}
117636 | Zot:4    | Identified the +9 dire flail of Intense Tender Mercy {holy,
                  | Int+4}
118121 | Zot:4    | Found a basalt altar of Yredelemnul.
118230 | Zot:5    | Entered Level 5 of the Realm of Zot
118957 | Zot:5    | Noticed a dread lich
118964 | Zot:5    | Killed a dread lich
119791 | Zot:5    | Noticed an ancient lich
119798 | Zot:5    | Killed an ancient lich
119799 | Zot:5    | Reached skill level 21 in Invocations
120007 | Zot:5    | Noticed an ancient lich
120221 | Zot:5    | Noticed an orb of fire
120346 | Zot:5    | Killed an ancient lich
120955 | Zot:5    | Noticed an orb of fire
120964 | Zot:5    | Killed an orb of fire
121139 | Zot:5    | Gained mutation: Your flesh is cold resistant. (rC+)
                  | [potion of mutation]
121467 | Zot:5    | Noticed an orb of fire
121474 | Zot:5    | Killed an orb of fire
121806 | Zot:5    | Noticed an ancient lich
121812 | Zot:5    | Killed an ancient lich
121813 | Zot:5    | Reached skill level 15 in Conjurations
121845 | Zot:5    | Killed an orb of fire
122003 | Zot:5    | Noticed an orb of fire
122012 | Zot:5    | Killed an orb of fire
122290 | Zot:5    | Noticed an orb of fire
122295 | Zot:5    | Gained mutation: You are clumsy. (Dex -2) [an orb of fire]
122299 | Zot:5    | Killed an orb of fire
122300 | Zot:5    | Noticed an orb of fire
122315 | Zot:5    | Killed an orb of fire
122414 | Zot:5    | Noticed a dread lich
122419 | Zot:5    | Killed a dread lich
122985 | Zot:5    | Noticed an orb of fire
123292 | Zot:5    | Killed an orb of fire
124397 | Zot:5    | Lost mutation: Your flesh is cold resistant. (rC+) [potion
                  | of mutation]
124397 | Zot:5    | Lost mutation: You are clumsy. (Dex -2) [potion of
                  | mutation]
124397 | Zot:5    | Gained mutation: You are clumsy. (Dex -2) [potion of
                  | mutation]
124397 | Zot:5    | Gained mutation: Your mind is acute. (Int +4, Str/Dex -1)
                  | [potion of mutation]
124397 | Zot:5    | Gained mutation: You occasionally shout uncontrollably at
                  | your foes. [potion of mutation]
124397 | Zot:5    | Gained mutation: You have a pair of horns on your head.
                  | [potion of mutation]
124398 | Zot:5    | Lost mutation: You occasionally shout uncontrollably at
                  | your foes. [potion of mutation]
124398 | Zot:5    | Lost mutation: You are clumsy. (Dex -2) [potion of
                  | mutation]
124398 | Zot:5    | Gained mutation: You are agile. (Dex +4, Str/Int -1)
                  | [potion of mutation]
124398 | Zot:5    | Gained mutation: Your system is resistant to poisons.
                  | (rPois) [potion of mutation]
124398 | Zot:5    | Gained mutation: A frigid envelope surrounds you and
                  | freezes all who hurt you. [potion of mutation]
124412 | Zot:5    | Got the Orb of Zot
124419 | Zot:5    | Noticed a seraph
124941 | D:1      | Noticed a seraph
124943 | D:1      | Fell from the grace of Gozag
124945 | D:$      | Escaped with the Orb!

Illustrated notes

Levels and vault maps discovered:
D:1:      lemuel_arrival_lava_pool, layout_loops_ring
D:2:      layout_loops_corners, uniq_sigmund, uniq_jessica
D:3:      layout_basic, overflow_temple_1_default
D:4:      layout_layer_cave, minmay_temple_entry_junction_2,
          minmay_misc_feat_chi, minmay_box_of_dots
D:5:      layout_cave_pools, gammafunk_temple_overflow_elements, bloody_trog,
          uniq_eustachio, uniq_menkaure, uniq_blork_the_orc
D:6:      layout_loops_ring, minmay_mini_ossuary
D:7:      layout_rooms, nicolae_qazlal_beasts_of_the_sky,
          lemuel_zombie_altar_yredelemnul, minmay_manual_moon
D:8:      layout_basic, grunt_dithmenos_smoke, nicolae_ru_sacrificial_ziggurat,
          okawaru_humans, amethyst_overflow_temple_binary
D:9:      layout_cave_pods
D:10:     layout_cave_pools, zin_angel, mainiacjoe_overflow_catwalk
D:11:     nicolae_hexawheel, layout_basic, dpeg_oklobed_lair, serial_shops,
          shop, minmay_evil_grid, uniq_urug
D:12:     layout_loops_cross, chequers_serial_rivers_room_b, drop_trap
D:13:     layout_loops_ring
D:14:     layout_loops_ring, ximxim_vaults_locker_room,
          nicolae_hepliaklqana_hazy_memory, uniq_roxanne, uniq_josephine
D:15:     hellmonk_depths_entry_around_the_bend, layout_irregular_city,
          serial_ice, serial_ice_g, serial_ice_l, serial_ice_h, serial_ice_a,
          serial_ice_c, serial_ice_n, nicolae_ashenzari_skybound
Temple:   kb_temple_of_zot
Lair:1:   layout_roguey
Lair:2:   layout_roguey, alex1729_snake_entry_snake, serial_bayou_shore_b
Lair:3:   layout_roguey, swamp_mist, portal_ice_cave_demonic_guard
Lair:4:   layout_cellular_growth
Lair:5:   minmay_lair_end_enchanted_forest, layout_regular_city,
          minmay_slime_entry_oklob_enclosed, serial_forest,
          infiniplex_forest_lined_2, infiniplex_forest_clump_double,
          infiniplex_forest_clump_long, infiniplex_forest_3_way,
          minmay_stone_trees_medium, lemuel_fruit_fields
Swamp:1:  layout_basic_swamp, evilmike_swamp_ruin_house_4, swamp_pool_3,
          beargit_elvish_explorers, uniq_mlioglotl
Swamp:2:  layout_basic_swamp, nicolae_swamp_little_swirl, swamp_pool_4
Swamp:3:  layout_basic_swamp, nicolae_swamp_tree_designs,
          nicolae_swamp_spooky_pond
Swamp:4:  swamp_alternative, layout_basic_swamp, swamp_pool_1_2
Snake:1:  layout_onion, serial_bayou_shore_a
Snake:2:  layout_grid_maze
Snake:3:  cheibrodos_snake_lava_hold, layout_concentric_octagons
Snake:4:  johnstein_snake_rune_scales, layout_cave_town
Orc:1:    layout_caves, nicolae_shop_gadgets
Orc:2:    grunt_orc_community_town_hall, layout_caves,
          grunt_orc_community_big_house_2, grunt_orc_community_big_house_2,
          grunt_orc_community_house_3, grunt_orc_community_house_2,
          grunt_orc_community_house_2, grunt_orc_community_house_1,
          grunt_orc_community_house_1, grunt_orc_community_house_1, uniq_maurice
Elf:1:    eino_elf_arrival_shootout, layout_loops_cross, serial_shops, shop,
          nicolae_shop_drivethru, shop, nicolae_shop_overgrown_old_shop,
          shop_fountains
Elf:2:    nicolae_elf_blades_crystal_corner, layout_onion_city, uniq_aizul
Elf:3:    minmay_elf_hall_dome, layout_rooms, uniq_nikola
Vaults:1: nicolae_vaults_border_crossing, vaults_standard_mumra_x,
          vaults_room_door_ring, lemuel_angel_altar,
          nicolae_vaults_yaktaur_gun_rack, layout_vaults_chaotic_city,
          uniq_norris
Vaults:2: nicolae_vaults_storage_room_glass, hangedman_vaults_corner, v_misc_3,
          minmay_crypt_entry_simple_walls, nicolae_vaults_surprise_closet,
          nicolae_vaults_trapezoid_4, vaults_mumra_hexcomb,
          nicolae_vaults_house_3, nicolae_vaults_diamond_2,
          hangedman_vaults_snaps, nicolae_vaults_weapon_check,
          layout_vaults_omnicross
Vaults:3: ontoclasm_vaults_decontamination, nicolae_vaults_network_s,
          nicolae_vaults_doubleplus_tesselated,
          vaults_room_grunt_arrival_checkpoint, v_misc_31,
          nicolae_vaults_asterisk, vaults_dpeg_hooks,
          nicolae_vaults_heart-shaped_vault, layout_vaults_omnigrid, uniq_xtahua
Vaults:4: vaults_room_pool, nicolae_vaults_closet_pinwheel_5,
          ontoclasm_vaults_bender, v_pattern_5, vaults_mumra_chevron_long,
          nicolae_vaults_hallways_thing, nicolae_vaults_offset_grid_hallway_1,
          nicolae_vaults_storage_closets_3, nicolae_vaults_diagonal_hallway_9,
          nicolae_vaults_offset_grid_hallway_1,
          nicolae_vaults_trapezoid_lopsided_4,
          nicolae_vaults_stairing_the_circle, v_misc_12, ontoclasm_vaults_chip,
          vaults_dpeg_ring, nicolae_vaults_trapezoid_3,
          nicolae_vaults_quartermaster, ontoclasm_vaults_twist,
          layout_vaults_omnibox, uniq_bai_suzhen
Vaults:5
Crypt:1:  layout_misc_corridors, roderic_lattice_octagonal_star
Crypt:2:  minmay_shadows, layout_rooms, hangedman_weighted_door,
          hellmonk_scarab_ruin, uniq_jory
Crypt:3:  quadcrypt_mu, uniq_mennas
Depths:1: minmay_guarded_unrand_majin_bo, layout_gridlike,
          regret_index_abyss_entry_earlier_magic, nicolae_zig_zag_zippers,
          serial_shops, nicolae_lakefront_shop, lightli_too_deep,
          grunt_qazlal_clouds, minmay_shoptagon, serial_bayou_shore_b,
          uniq_enchantress
Depths:2: hellmonk_hyper_hexagons [hex_subvault_rooms_two, hex_subvault_narrow,
          hex_subvault_filled, hex_subvault_orbs, hex_subvault_open_curves,
          hex_subvault_four_corners, hex_subvault_crossings], hell_entry,
          pan_entry, uniq_vv, uniq_josephina
Depths:3: nicolae_cairo_tiling_large_dashed, layout_gridlike,
          rand_demon_pan_entry_8, nicolae_trove_entry_path_of_doom, hell_entry,
          serial_shops, bzr_entry_safe, skrybe_limestone_x, abyss_entry_crystal,
          infiniplex_staircase_pillars_1
Depths:4: grunt_crosshair, layout_cave_shapes, serial_sigils_hangedman_gut,
          grunt_hell_entry_dis_old, nicolae_abyss_entry_one_way_or_another,
          nicolae_gozag_seed_capital, uniq_boris
Zot:1:    layout_gridlike
Zot:2:    layout_misc_corridors, regret_index_zotdec_banners
Zot:3:    layout_misc_corridors, grunt_megastairs_2
Zot:4:    layout_basic, regret_index_zotdec_golden_two_three
Zot:5:    layout_concentric_octagons, grunt_ministairs_13

Skill      XL: |  1  2  3  4  5  6  7  8  9 10 11 12 13 14 15 16 17 18 19 20 21 22 23 24 25 26 27 |
---------------+----------------------------------------------------------------------------------+-----
Stealth        | 1 2 4 |  4.9
Polearms       | 3 4 5 7 9 10 11 12 13 14 | 14.0
Necromancy     | 2 3 4 5 6 7 8 |  8.6
Spellcasting   | 2 3 4 5 7 8 9 11 12 13 15 16 17 | 17.2
Evocations     | 1 3 4 5 8 10 11 | 11.0
Fighting       | 5 7 8 10 12 13 15 | 15.0
Dodging        | 2 3 5 10 11 | 11.1
Ice Magic      | 3 7 9 10 | 10.0
Throwing       | 2 |  2.0
Conjurations   | 1 7 9 10 12 15 | 15.0
Alchemy        | 1 7 9 10 | 10.0
Fire Magic     | 5 8 10 11 13 14 15 | 15.0
Air Magic      | 5 8 10 11 13 14 15 | 15.0
Armour         | 2 3 8 12 13 14 15 | 15.0
Earth Magic    | 2 5 6 7 9 10 | 10.0
Translocations | 3 4 5 7 |  7.0
Invocations    | 3 8 13 18 21 | 21.1

Action                     |  1- 3 |  4- 6 |  7- 9 | 10-12 | 13-15 | 16-18 | 19-21 | 22-24 | 25-27 || total
---------------------------+-------+-------+-------+-------+-------+-------+-------+-------+-------++-------
  Melee: Spear             |    79 |   117 |    43 |       |       |       |       |       |       ||   239
         Headbutt          |     7 |    16 |    34 |    78 |   147 |     3 |     4 |     5 |     2 ||   296
         Trident           |       |       |    59 |       |    14 |       |       |       |       ||    73
         Halberd           |       |       |   107 |   387 |   611 |       |       |       |       ||  1105
         Staff             |       |       |       |       |     2 |     8 |     7 |    13 |     3 ||    33
         Bo                |       |       |       |       |       |       |       |       |     3 ||     3
  Throw: Stone             |     2 |    19 |    29 |    34 |    40 |       |       |       |       ||   124
         Boomerang         |       |       |       |    20 |    38 |    36 |       |       |       ||    94
         Dart              |       |       |       |     6 |    42 |       |     1 |       |       ||    49
         Large rock        |       |       |       |     5 |       |       |       |       |       ||     5
         Throwing net      |       |       |       |       |     1 |       |     1 |       |       ||     2
   Cast: Vampiric Draining |       |     2 |     6 |    54 |     8 |     1 |       |       |       ||    71
         Frozen Ramparts   |       |       |       |    34 |    58 |     1 |       |       |       ||    93
         Ozocubu's Armour  |       |       |       |    10 |    38 |       |       |       |       ||    48
         Irradiate         |       |       |       |       |   142 |   127 |    74 |    76 |    79 ||   498
         Arcjolt           |       |       |       |       |   102 |   273 |    16 |    22 |    31 ||   444
         Plasma Beam       |       |       |       |       |       |   338 |   571 |   659 |   813 ||  2381
         Lee's Rapid Decon |       |       |       |       |       |     5 |    16 |    19 |    18 ||    58
         Iskenderun's Myst |       |       |       |       |       |       |     2 |     9 |    13 ||    24
         Sublimation of Bl |       |       |       |       |       |       |       |   290 |   385 ||   675
         Orb of Destructio |       |       |       |       |       |       |       |       |    32 ||    32
 Invoke: Potion Petition   |       |       |     1 |     2 |     2 |     4 |       |     3 |     7 ||    19
         Renounce Religion |       |       |       |       |       |       |       |       |     1 ||     1
  Evoke: Wand              |       |     2 |    20 |    16 |    12 |    17 |     5 |     4 |     3 ||    79
         Tin of tremorston |       |       |       |       |     2 |     6 |     5 |     4 |     3 ||    20
         Sack of spiders   |       |       |       |       |     1 |     2 |       |     1 |     1 ||     5
         Lightning rod     |       |       |       |       |       |     8 |    17 |    11 |    18 ||    54
    Use: Scroll            |       |     8 |     9 |     9 |    13 |    15 |     1 |     6 |    14 ||    75
         Potion            |       |       |     1 |       |     1 |     8 |       |     6 |    20 ||    36
   Stab: Sleeping          |     3 |     2 |       |       |     1 |       |       |       |       ||     6
         Distracted        |       |       |     1 |     2 |     3 |       |       |       |       ||     6
 Armour: Robe              |    27 |    45 |   133 |   330 |   792 |   581 |   163 |       |       ||  2071
         Quicksilver drago |       |       |       |       |       |       |    80 |   314 |   441 ||   835
  Dodge: Dodged            |    21 |    39 |    99 |   130 |   368 |   190 |    54 |   100 |   149 ||  1150

Table legend: (Time is in decaauts)
 A = Elapsed time spent in this place.
 B = Non-inter-level travel time spent in this place.
 C = Inter-level travel time spent in this place.
 D = Time resting spent in this place.
 E = Time spent auto-exploring this place.
 F = Levels seen in this place.
 G = Mean time per level.
                   A        B        C        D        E       F      G
               +--------+--------+--------+--------+--------+-----+--------+
         Total | 124904 | 117287 |   7617 |  33326 |  65682 |  53 | 2356.7 |
       Dungeon |  26762 |  24081 |   2681 |   4068 |  15215 |  15 | 1784.1 |
        Temple |      1 |      1 |      0 |      0 |      0 |   1 |    1.0 |
          Lair |  10182 |   9222 |    960 |    849 |   6208 |   5 | 2036.4 |
         Swamp |  10808 |  10413 |    395 |   4817 |   4783 |   4 | 2702.0 |
     Snake Pit |  15933 |  15347 |    586 |   4566 |   8953 |   4 | 3983.2 |
  Orcish Mines |   2997 |   2611 |    386 |    287 |   1770 |   2 | 1498.5 |
   Elven Halls |  11994 |  11561 |    433 |   4940 |   5306 |   3 | 3998.0 |
        Vaults |  15361 |  14595 |    766 |   3429 |   9023 |   5 | 3072.2 |
         Crypt |   6175 |   5918 |    257 |   1109 |   3860 |   3 | 2058.3 |
        Depths |  11134 |  10612 |    522 |   4273 |   4545 |   4 | 2783.5 |
           Zot |  12376 |  11749 |    627 |   4616 |   5607 |   5 | 2475.2 |
        Bazaar |     32 |     32 |      0 |      0 |     23 |   1 |   32.0 |
      Ice Cave |   1143 |   1143 |      0 |    368 |    387 |   1 | 1143.0 |
               +--------+--------+--------+--------+--------+-----+--------+

Top non-repeatable levels by time:
   Zot:5: 5831 daAuts
   Elf:2: 5715 daAuts
 Snake:3: 5492 daAuts
    D:11: 5383 daAuts
 Snake:2: 4566 daAuts
Depths:2: 4014 daAuts
 Snake:4: 3743 daAuts
    D:14: 3656 daAuts
 Swamp:3: 3338 daAuts
Vaults:4: 3272 daAuts
   Elf:1: 3239 daAuts
Vaults:5: 3163 daAuts
   Elf:3: 3039 daAuts
Vaults:2: 3030 daAuts
 Crypt:3: 2990 daAuts
